 Dungeon Crawl Stone Soup version 0.22-b1-21-g5cfc168 (webtiles) character file.

252862 tev the Executioner (level 19, -1/193 HPs)
             Began as a Minotaur Berserker on Aug 3, 2018.
             Was the Champion of Trog.
             Slain by the 27-headed Lernaean hydra (6 damage)
             ... on level 4 of the Swamp on Aug 4, 2018.
             The game lasted 03:15:13 (28848 turns).

tev the Executioner (Minotaur Berserker)           Turns: 28848, Time: 03:15:14

Health: -1/193     AC: 28    Str: 34    XL:     19   Next: 36%
Magic:  9/9        EV: 17    Int:  4    God:    Trog [******]
Gold:   2758       SH:  9    Dex: 12    Spells: 18/18 levels left

rFire    . . .     SeeInvis +   p - +8 broad axe "Faaw" {venom, rPois Str+2}
rCold    + . .     Gourm    .   m - +0 buckler {AC+3}
rNeg     . . .     Faith    .   y - +0 ice dragon scales of the Shoals {rF- rC++ Regen+ MP-9 Str+4 SInv}
rPois    +         Spirit   .   (helmet restricted)
rElec    .         Reflect  +   B - +2 cloak {rPois}
rCorr    .         Harm     .   Q - +2 pair of gloves
MR       ++...                  l - +0 pair of boots
Stlth    ..........             q - +4 amulet of reflection
HPRegen  0.82/turn              W - ring of fire
MPRegen  0.11/turn              t - ring of protection from magic

@: lethally poisoned (-1 -> -1), berserk cooldown, slowed, very slow
A: retaliatory headbutt, horns 2
}: 1/15 runes: serpentine
a: Berserk, Trog's Hand, Brothers in Arms, Renounce Religion


You were on level 4 of the Swamp.
You worshipped Trog.
Trog was exalted by your worship.
You were not hungry.

You visited 4 branches of the dungeon, and saw 29 of its levels.
You also visited: Bailey and Ice Cave.

You collected 3010 gold pieces.
You spent 252 gold pieces at shops.

Inventory:

Hand Weapons
 p - the +8 broad axe "Faaw" (weapon) {venom, rPois Str+2}
   (You bought it in a shop on level 10 of the Dungeon)

   It poisons the flesh of those it strikes.
   It affects your strength (+2).
   It protects you from poison.
 T - a +3 antimagic executioner's axe
Armour
 l - a +0 pair of boots (worn)
 m - a +0 buckler of protection (worn)
 y - the +0 ice dragon scales of the Shoals (worn) {rF- rC++ Regen+ MP-9 Str+4 SInv}
   (You took it off an orc in a bailey)

   It affects your strength (+4).
   It makes you vulnerable to fire.
   It greatly protects you from cold.
   It affects your magic capacity (-9).
   It lets you see invisible.
   It increases your rate of regeneration.
 B - a +2 cloak of poison resistance (worn)
 Q - a +2 pair of gloves (worn)
Jewellery
 f - an uncursed ring of protection from cold {unknown}
 q - a +4 amulet of reflection (around neck)
 t - a ring of protection from magic (right hand)
 W - a ring of fire (left hand)
Wands
 o - a wand of digging (6)
 H - a wand of polymorph (7)
 I - a wand of random effects (32)
 K - a wand of clouds (3)
 M - a wand of disintegration (30)
Scrolls
 a - a scroll of vulnerability {unknown}
 b - 7 scrolls of teleportation
 d - 2 scrolls of fog
 e - 3 scrolls of amnesia
 g - 4 scrolls of blinking
 h - 3 scrolls of noise {unknown}
 j - 4 scrolls of magic mapping
 n - 6 scrolls of fear
 s - 17 scrolls of remove curse
 v - 7 scrolls of identify
 w - a scroll of brand weapon {unknown}
 C - 8 scrolls of enchant weapon
 D - a scroll of enchant armour {unknown}
 E - a scroll of torment {unknown}
 G - a scroll of acquirement {unknown}
 J - 5 scrolls of immolation
 R - 2 scrolls of random uselessness {unknown}
 S - a scroll of holy word {unknown}
 X - a scroll of summoning {unknown}
Potions
 i - 9 potions of curing
 k - a potion of magic
 r - a potion of ambrosia
 u - 4 potions of brilliance
 x - 2 potions of lignification
 z - 6 potions of agility
 A - a potion of cancellation
 F - a potion of resistance
 L - 4 potions of haste
 N - 2 potions of invisibility
 O - 4 potions of mutation
 P - 3 potions of flight
 U - 5 potions of might
 V - 2 potions of heal wounds
Comestibles
 c - 51 rations


   Skills:
 + Level 22.6 Fighting
 * Level 22.7 Axes
 + Level 16.9 Armour
 + Level 12.4 Dodging
 - Level 4.0 Shields


You had 18 spell levels left.
You didn't know any spells.
Your spell library was empty.

Dungeon Overview and Level Annotations

Branches:
Dungeon (15/15)            Temple (0/1) D:7            Lair (6/6) D:8
  Swamp (4/4) Lair:4        Snake (4/4) Lair:2        Slime (0/5) Lair:5
    Orc (0/2) D:11         Vaults (0/5) D:14         Depths (0/5) D:15

Altars:
Ashenzari
Cheibriados
Elyvilon
Fedhas
Hepliaklqana
Kikubaaqudgha
Makhleb
Qazlal
Sif Muna
Trog
Zin
The Shining One
Beogh

Shops:
D:10 (   D:14 *   Snake:1 }   Snake:2 [   Snake:4 (

Portals:
Trove: D:10 (give 5 potions of resistance)

Annotations:
D:9 exclusion: orange crystal statue
Swamp:4 Lernaean hydra


Innate Abilities, Weirdness & Mutations

You reflexively headbutt those who attack you in melee.
You have a pair of horns on your head.


Message History

The 27-headed Lernaean hydra completely misses you.
The 27-headed Lernaean hydra bites you but does no damage.
You block the 27-headed Lernaean hydra's attack.
The 27-headed Lernaean hydra bites you but does no damage. x6
The 27-headed Lernaean hydra completely misses you.
You block the 27-headed Lernaean hydra's attack.
The 27-headed Lernaean hydra bites you!
* * * LOW HITPOINT WARNING * * *
You block the 27-headed Lernaean hydra's attack. x2
The 27-headed Lernaean hydra barely misses you.
The 27-headed Lernaean hydra bites you but does no damage.
The 27-headed Lernaean hydra bites you!
* * * LOW HITPOINT WARNING * * *
You block the 27-headed Lernaean hydra's attack.
The 27-headed Lernaean hydra completely misses you.
The 27-headed Lernaean hydra bites you!
* * * LOW HITPOINT WARNING * * *
The 27-headed Lernaean hydra bites you but does no damage.
The 27-headed Lernaean hydra bites you.
You die...

≈≈.≈≈..≈[...≈.≈≈♣♣♣
≈≈.≈♣♣♣...#.≈..≈..♣♣ ♣≈≈
♣≈[......[...♣ ♣♣
♣♣♣≈.♣≈#)†≈≈♣♣ ♣♣
♣♣≈....≈≈.♣ # ####
≈.♣♣♣≈♣.≈...†♣ ≈####≈≈###
≈.♣♣≈..≈♣≈♣.≈≈≈≈
#≈≈$≈≈≈≈§#####≈♣♣.†.♣♣♣.≈≈≈≈
≈.≈#≈≈≈≈..≈#≈.DD@...♣ ≈≈≈≈≈
.≈≈†...≈≈.kD.DD.D.≈.♣ ≈≈.§≈
≈.≈#†#≈##§.##≈..≈♣..♣ ≈..≈
≈##..##≈≈######.♣♣♣.♣ .≈.≈ ≈
##≈≈.### ##≈.♣♣ ≈♣♣ ≈.#≈
#≈.♣♣ . ≈.##≈ #♣♣♣ ≈≈.≈ ≈≈
D≈≈≈ ≈#


You could see the 27-headed Lernaean hydra, a four-headed hydra, 4 swamp dragons
and a swamp drake.

Vanquished Creatures
  Vashnia (Snake:2)
  Nikola (Lair:2)
  A tengu reaver (D:13)
  A sphinx (D:13)
  A thorn hunter (Swamp:4)
  Kirke (Lair:4)
  Agnes (Snake:4)
  Roxanne (Snake:2)
  A frost giant (D:12)
  A fire giant (D:13)
  The ghost of Riunic the Warrior, an adept GrFi of Qazlal (Snake:3)
  14 nagarajas
  Aizul (Snake:2)
  Nessos (Lair:4)
  A minotaur (Lair:1)
  Erolcha (D:12)
  The ghost of Luinaix the Cleaver, a journeyman MiFi of Makhleb (Lair:1)
  An ogre mage (D:15)
  9 hydras
  2 ice dragons (IceCv)
  A ghost crab (Swamp:3)
  16 naga warriors
  10 anacondas
  A death knight (D:14)
  2 dancing weapons (D:14)
  11 two-headed ogres
  6 death yaks
  2 centaur warriors (D:15)
  9 alligators
  A tengu warrior (D:15)
  8 shock serpents
  A spriggan berserker (Swamp:3)
  13 naga sharpshooters
  Nergalle (Lair:2)
  A deep elf knight (Swamp:3)
  6 swamp dragons
  2 spriggan druids (Swamp:3)
  A skeletal warrior (D:14)
  3 unseen horrors
  4 sea snakes (Snake:4)
  A necromancer (D:15)
  6 naga ritualists
  8 mana vipers
  4 manticores
  3 orc knights
  16 ugly things
  7 cyclopes
  4 deep elf magi
  Maurice (D:9)
  6 salamanders
  Joseph (D:8)
  4 centaur zombies
  A black mamba (shapeshifter) (D:15)
  11 elephants
  11 guardian serpents
  31 black mambas
  2 ice statues (IceCv)
  22 naga magi
  17 spiny frogs
  A torpor snail (Lair:5)
  2 gargoyles
  2 rime drakes (IceCv)
  2 yaktaurs (D:15)
  A kobold demonologist (D:15)
  3 freezing wraiths
  11 komodo dragons
  A tengu conjurer (D:14)
  An efreet (D:15)
  6 trolls
  3 meliai (D:15)
  7 polar bears
  A queen bee (D:9)
  14 tyrant leeches
  A hornet (shapeshifter) (D:14)
  15 hornets
  5 dream sheep
  12 blink frogs
  2 meliai zombies
  22 slime creatures
  5 hippogriffs
  6 bog bodies
  2 shadows (D:15)
  20 spriggans
  50 yaks
  3 wraiths
  2 hogs (Lair:4)
  5 wyverns
  2 water elementals (D:13)
  2 vampires
  A human (shapeshifter) (D:15)
  3 basilisks
  29 vampire mosquitoes
  3 hungry ghosts
  14 swamp worms
  58 nagas
  17 water moccasins
  2 acid dragons
  Duvessa (D:5)
  6 porcupines
  2 hornet zombies
  10 orc warriors
  7 swamp drakes
  4 black bears (Lair:6)
  18 ice beasts
  A phantom (D:11)
  2 sky beasts (D:12)
  A necrophage (D:3)
  4 boggarts (Lair:6)
  An eye of draining (D:14)
  4 ogres
  26 wolves
  6 centaurs
  12 crocodiles
  A big kobold (D:10)
  11 bullfrogs
  3 scorpions
  Dowan (D:5)
  29 killer bees (D:9)
  2 water moccasin skeletons
  13 wights
  8 howler monkeys
  6 electric eels
  A lava snake (Lair:6)
  4 crimson imps
  2 quasits
  A bullfrog zombie (D:8)
  2 jellies (Lair:5)
  A bullfrog skeleton (D:12)
  6 hounds
  5 centaur skeletons
  5 orc priests
  2 iguanas (D:5)
  10 orc wizards
  8 worker ants
  A hound zombie (D:7)
  2 hound skeletons (D:11)
  A howler monkey zombie (D:8)
  A worker ant zombie (D:10)
  3 gnolls (D:3)
  A howler monkey skeleton (D:11)
  6 adders
  4 shadow imps
  12 white imps (Lair:5)
  An ooze (D:7)
  An adder skeleton (D:8)
  3 worms
  2 dart slugs (D:2)
  5 leopard geckos
  58 orcs
  5 giant cockroaches
  10 hobgoblins
  18 jackals
  9 quokkas
  A ball python (D:1)
  A ball python skeleton (D:4)
  11 bats
  4 frilled lizards
  15 goblins
  11 kobolds
  A leopard gecko zombie (D:7)
  A quokka skeleton (D:8)
  9 rats
  11 briar patches (Swamp:4)
  5 fungi
  7 plants
1079 creatures vanquished.

Vanquished Creatures (collateral kills)
  2 nagarajas (Snake:2)
  2 naga warriors
  2 anacondas (Snake:4)
  2 two-headed ogres
  4 naga sharpshooters
  5 sea snakes (Snake:4)
  A naga ritualist (Snake:1)
  A salamander (Snake:4)
  A mana viper (Snake:4)
  4 black mambas (Snake:4)
  2 guardian serpents
  8 nagas
  An orc warrior (D:11)
  A jelly (D:11)
  4 orc priests (D:11)
  9 orcs (D:11)
49 creatures vanquished.

Vanquished Creatures (others)
  A naga sharpshooter (Snake:4)
  A guardian serpent (Snake:2)
  A black mamba (Snake:3)
  An orc (D:8)
  2 fungi
  3 plants
9 creatures vanquished.

Grand Total: 1137 creatures vanquished

Notes
Turn   | Place    | Note
-------+----------+-------------------------------------------
     0 | D:1      | tev the Minotaur Berserker began the quest for the Orb.
     0 | D:1      | Reached XP level 1. HP: 19/19 MP: 0/0
   555 | D:1      | Reached XP level 2. HP: 17/27 MP: 1/1
  1255 | D:2      | Reached XP level 3. HP: 19/33 MP: 2/2
  1547 | D:2      | Reached ** piety under Trog
  1695 | D:2      | Reached skill level 5 in Axes
  1699 | D:2      | Reached XP level 4. HP: 4/41 MP: 3/3
  1700 | D:2      | HP: 3/61 [orc/mace (2)]
  2020 | D:2      | Reached XP level 5. HP: 40/47 MP: 4/4
  2359 | D:3      | Noticed a necrophage
  2364 | D:3      | Killed a necrophage
  2364 | D:3      | Reached skill level 5 in Fighting
  2364 | D:3      | Reached XP level 6. HP: 56/56 MP: 5/5
  2372 | D:3      | Reached *** piety under Trog
  2670 | D:3      | Found a faded altar of an unknown god.
  2903 | D:4      | Found an ancient bone altar of Kikubaaqudgha.
  2943 | D:4      | Found a snail-covered altar of Cheibriados.
  3067 | D:4      | Found a hazy altar of Hepliaklqana.
  3416 | D:5      | Entered Level 5 of the Dungeon
  3467 | D:5      | Reached skill level 1 in Shields
  3467 | D:5      | Reached XP level 7. HP: 43/61 MP: 6/6
  3721 | D:5      | Reached **** piety under Trog
  3876 | D:5      | Noticed Duvessa
  3876 | D:5      | Noticed Dowan
  3883 | D:5      | Killed Dowan
  3886 | D:5      | Killed Duvessa
  3995 | D:5      | Reached XP level 8. HP: 69/69 MP: 7/7
  4472 | D:6      | Found a white marble altar of Elyvilon.
  4574 | D:6      | Found a burning altar of Makhleb.
  4577 | D:6      | Found a deep blue altar of Sif Muna.
  4580 | D:6      | Found a glowing golden altar of the Shining One.
  4583 | D:6      | Found a glowing silver altar of Zin.
  4939 | D:7      | Found a flagged portal.
  4957 | Bailey   | Entered a bailey
  5024 | Bailey   | Noticed an orc knight
  5630 | Bailey   | Got slimy ice dragon scales
  5656 | Bailey   | Identified the cursed +0 ice dragon scales of the Shoals {rF- rC++ Regen+ MP-9 Str+4 SInv} (You took it off an orc in a bailey)
  5691 | Bailey   | Killed an orc knight
  5691 | Bailey   | Reached skill level 10 in Axes
  5691 | Bailey   | Reached skill level 5 in Armour
  6507 | D:7      | Found a staircase to the Ecumenical Temple.
  6968 | D:7      | Reached XP level 9. HP: 65/75 MP: 0/8
  7170 | D:8      | Noticed a troll
  7179 | D:8      | Killed a troll
  7316 | D:8      | Noticed Joseph
  7359 | D:8      | Killed Joseph
  7359 | D:8      | Reached skill level 5 in Dodging
  7737 | D:8      | Found a staircase to the Lair.
  7756 | D:8      | Reached ***** piety under Trog
  8081 | D:9      | Noticed Maurice
  8123 | D:9      | Killed Maurice
  8123 | D:9      | Reached XP level 10. HP: 86/86 MP: 0/9
  8200 | D:9      | Noticed a two-headed ogre
  8223 | D:9      | Killed a two-headed ogre
  8287 | D:9      | Noticed a two-headed ogre
  8308 | D:9      | Killed a two-headed ogre
  8357 | D:9      | Got a bronze leather armour
  8371 | D:9      | Identified the +1 leather armour of Diythreqe {rC+} (You took it off an orc wizard on level 9 of the Dungeon)
  8404 | D:9      | Noticed an orange crystal statue
  8445 | D:9      | You fall through a shaft for 2 floors!
  8446 | D:11     | Noticed a cyclops
  8450 | D:10     | Entered Level 10 of the Dungeon
  8450 | D:10     | Found a portal to a secret trove of treasure.
  8657 | D:10     | Noticed a gargoyle
  8669 | D:10     | Killed a gargoyle
  8678 | D:10     | Noticed a two-headed ogre
  8697 | D:10     | Killed a two-headed ogre
  8908 | D:10     | Found Oprats's Antique Weapon Shoppe.
  8919 | D:10     | Bought a bloodstained broad axe for 252 gold pieces
  8919 | D:10     | Identified the +8 broad axe "Faaw" {venom, rPois Str+2} (You bought it in a shop on level 10 of the Dungeon)
  9184 | D:9      | Reached XP level 11. HP: 92/95 MP: 1/10
  9208 | D:9      | Reached skill level 15 in Axes
  9747 | D:11     | Reached ****** piety under Trog
  9760 | D:11     | Received a gift from Trog
  9930 | D:11     | Found a bloodstained altar of Trog.
 10035 | D:11     | Noticed a two-headed ogre
 10039 | D:11     | Found a roughly hewn altar of Beogh.
 10039 | D:11     | Found a staircase to the Orcish Mines.
 10040 | D:11     | Killed a two-headed ogre
 10130 | D:12     | Noticed an unseen horror
 10135 | D:12     | Killed an unseen horror
 10190 | D:12     | Noticed a two-headed ogre
 10201 | D:12     | Killed a two-headed ogre
 10201 | D:12     | Reached XP level 12. HP: 74/105 MP: 2/11
 10280 | D:12     | Found a bloodstained altar of Trog.
 10280 | D:12     | Noticed a two-headed ogre
 10283 | D:12     | Killed a two-headed ogre
 10608 | D:12     | Noticed Erolcha
 10613 | D:12     | Killed Erolcha
 10624 | D:12     | Reached skill level 10 in Armour
 10628 | D:12     | Reached skill level 10 in Fighting
 11186 | D:13     | Noticed a two-headed ogre
 11192 | D:13     | Killed a two-headed ogre
 11407 | D:13     | Found a shattered altar of Ashenzari.
 11543 | D:13     | Noticed a sphinx
 11543 | D:13     | Paralysed by a sphinx for 6 turns
 11545 | D:13     | Noticed a tengu reaver
 11555 | D:13     | Noticed a frost giant
 11560 | D:13     | Paralysed by a sphinx for 3 turns
 11566 | D:13     | Killed a sphinx
 11570 | D:13     | Reached XP level 13. HP: 56/118 MP: 3/12
 11572 | D:13     | Noticed a fire giant
 11749 | D:12     | Killed a frost giant
 11751 | D:12     | Got a pitted demon blade {freeze}
 11752 | D:12     | Identified the +3 demon blade "Oroneuwn" {freeze, rC+ MR+} (You took it off a frost giant on level 12 of the Dungeon)
 11942 | D:13     | Killed a fire giant
 12008 | D:13     | Killed a tengu reaver
 12531 | D:14     | Found Juseix's Assorted Antiques.
 13211 | D:14     | Reached skill level 15 in Fighting
 13223 | D:14     | Found a gate to the Vaults.
 13234 | D:14     | Reached XP level 14. HP: 99/135 MP: 4/13
 13613 | D:15     | Entered Level 15 of the Dungeon
 14106 | D:15     | Received a gift from Trog
 14227 | D:15     | Found a staircase to the Depths.
 14748 | Lair:1   | Entered Level 1 of the Lair of Beasts
 15026 | Lair:1   | Noticed Luinaix's ghost (journeyman MiFi)
 15183 | Lair:1   | Found a runed gate.
 15186 | Lair:1   | Found a runed gate.
 15188 | Lair:1   | Found a runed gate.
 15770 | Lair:1   | Killed Luinaix's ghost
 16110 | Lair:2   | Found a staircase to the Snake Pit.
 16253 | Lair:2   | Noticed Nergalle
 16262 | Lair:2   | Killed Nergalle
 16518 | Lair:2   | Reached XP level 15. HP: 149/149 MP: 5/14
 17382 | Lair:4   | Noticed Nessos
 17414 | Lair:4   | Received a gift from Trog
 17435 | Lair:4   | Killed Nessos
 17603 | Lair:4   | Found a staircase to the Swamp.
 17835 | Lair:4   | Noticed Kirke
 17849 | Lair:4   | Killed Kirke
 18347 | Lair:5   | Found a frozen archway.
 18363 | IceCv    | Entered an ice cave
 18645 | IceCv    | Got a glittering gossamer ring
 18672 | IceCv    | Identified the ring "Cuatwuen" {rC- MR+ Dex+6} (You found it in an ice cave)
 18741 | Lair:5   | Found a staircase to the Slime Pits.
 18855 | Lair:5   | Reached skill level 10 in Dodging
 19436 | Lair:6   | Entered Level 6 of the Lair of Beasts
 19651 | Lair:6   | Reached skill level 15 in Armour
 19777 | Lair:6   | Received a gift from Trog
 19779 | Lair:6   | Paralysed by a hornet for 1 turns
 20609 | Snake:1  | Entered Level 1 of the Snake Pit
 20609 | Snake:1  | Noticed Nikola
 20620 | Lair:2   | Received a gift from Trog
 20622 | Lair:2   | Reached XP level 16. HP: 144/162 MP: 0/15
 20697 | Lair:2   | Killed Nikola
 21287 | Snake:1  | Got an ichor-stained scale mail
 21298 | Snake:1  | Identified the +1 scale mail of the Jabberwock {Dex+5} (You found it on level 1 of the Snake Pit)
 21321 | Snake:1  | Reached XP level 17. HP: 171/171 MP: 7/16
 21922 | Snake:1  | Found Wekhliuni's Gadget Boutique.
 22178 | Snake:2  | Noticed Vashnia
 22192 | Snake:2  | Killed Vashnia
 22302 | Snake:2  | Noticed Aizul
 22312 | Snake:2  | Killed Aizul
 22313 | Snake:2  | Received a gift from Trog
 22340 | Snake:2  | Found a blossoming altar of Fedhas.
 22405 | Snake:2  | Found Pyrerchou's Armour Shoppe.
 22561 | Snake:2  | Noticed Roxanne
 22745 | Snake:2  | Killed Roxanne
 22746 | Snake:2  | Identified Roxanne's Collected Works on Transformation (You took it off Roxanne on level 2 of the Snake Pit)
 23311 | Snake:3  | Found a stormy altar of Qazlal.
 23585 | Snake:3  | Found a runed door.
 23586 | Snake:3  | Noticed Riunic's ghost (adept GrFi)
 23617 | Snake:3  | Killed Riunic's ghost
 23617 | Snake:3  | Reached XP level 18. HP: 165/182 MP: 8/17
 24076 | Snake:4  | Entered Level 4 of the Snake Pit
 24647 | Snake:4  | Noticed Agnes
 24674 | Snake:4  | Killed Agnes
 24859 | Snake:4  | Got an encrusted ring mail
 24870 | Snake:4  | Identified the +0 ring mail "Qitt" {Str+3} (You found it on level 4 of the Snake Pit)
 24983 | Snake:4  | Received a gift from Trog
 25775 | Snake:4  | Got a serpentine rune of Zot
 25852 | Snake:4  | Found Vuophutu's Weapon Shoppe.
 26139 | Swamp:1  | Entered Level 1 of the Swamp
 26170 | Swamp:1  | Received a gift from Trog
 26981 | Swamp:2  | Reached XP level 19. HP: 192/192 MP: 9/18
 27810 | Swamp:3  | Received a gift from Trog
 28605 | Swamp:4  | Entered Level 4 of the Swamp
 28833 | Swamp:4  | Noticed the 27-headed Lernaean hydra
 28847 | Swamp:4  | HP: 8/193 [the 27-headed Lernaean hydra (11)]
 28848 | Swamp:4  | Slain by the 27-headed Lernaean hydra

Skill      XL: |  1  2  3  4  5  6  7  8  9 10 11 12 13 14 15 16 17 18 |
---------------+-------------------------------------------------------+-----
Axes           | 4 5 6 7 9 10 12 14 17 18 20 22 | 22.7
Fighting       | 4 5 6 7 8 9 12 15 18 20 21 22 | 22.6
Dodging        | 3 4 5 6 8 9 10 11 12 | 12.4
Armour         | 3 4 6 8 9 11 13 14 15 16 | 16.9
Shields        | 1 3 4 |  4.0

Action                   |  1- 3 |  4- 6 |  7- 9 | 10-12 | 13-15 | 16-18 | 19-21 || total
-------------------------+-------+-------+-------+-------+-------+-------+-------++-------
Melee: Hand axe          |    83 |   146 |   291 |    68 |       |       |       ||   588
       Headbutt          |    13 |    22 |    50 |    80 |   227 |   223 |    44 ||   659
       Unarmed           |       |       |     1 |       |       |       |       ||     1
       Broad axe         |       |       |       |   296 |   748 |   756 |   218 ||  2018
       Battleaxe         |       |       |       |       |   140 |       |       ||   140
Invok: Berserk           |     2 |     4 |     6 |     7 |     4 |     7 |     2 ||    32
       Trog's Hand       |     1 |       |     3 |     3 |     4 |     3 |     1 ||    15
       Brothers in Arms  |       |       |       |     4 |       |    11 |       ||    15
  Use: Scroll            |       |       |     1 |     4 |    18 |     5 |       ||    28
       Potion            |       |       |     1 |     1 |     3 |     1 |     1 ||     7
 Stab: Distracted        |       |       |       |       |       |     3 |       ||     3
  Eat: Chunk             |     3 |    10 |     9 |    14 |    18 |     8 |     4 ||    66
       Ration            |       |       |     4 |     2 |     6 |     7 |     1 ||    20
Armor: Animal skin       |    18 |     6 |       |       |       |       |       ||    24
       Chain mail        |       |    46 |    67 |       |       |       |       ||   113
       Ice dragon scales |       |       |    64 |   132 |   291 |   249 |   167 ||   903
Dodge: Dodged            |    59 |    59 |   159 |   168 |   442 |   362 |   177 ||  1426
Block: Buckler           |       |    28 |    95 |    99 |   243 |   270 |    99 ||   834
       Other             |       |       |       |       |    17 |       |       ||    17
       Reflection        |       |       |       |       |    12 |    33 |     4 ||    49
